 Dungeon Sprint DCSS version 0.31-a0-1074-g0b22e4e0f1 (webtiles) character file.

Game seed: 15263768867209415910

4307 sircluck the Grappler (level 10, -5/115 HPs)
             Began as a Troll Berserker on Dec 4, 2023.
             Was a High Priest of Trog.
             Slain by a demonic crawler (16 damage)
             ... in the Dungeon (Sprint IV: "Fedhas' Mad Dash").
             The game lasted 00:06:29 (1389 turns).

sircluck the Grappler (Troll Berserker)             Turns: 1389, Time: 00:06:29

Health: -5/115     AC:  1    Str: 31    XL:     10   Next: 11%
Magic:  9/9        EV: 13    Int:  3    God:    Trog [*****.]
Gold:   95         SH:  0    Dex:  9    Spells: 9/9 levels left

rFire   . .          .
                       - Unarmed
rCold   + . .        (no shield)
rNeg    . . .        a - +0 animal skin
rPois   .            (helmet restricted)
rElec   .            m - +0 cloak
rCorr   .            (gloves unavailable)
SInv    .            (boots unavailable)
Will    .....        h - amulet of invisibility {+Inv}
Stlth   +            l - ring of protection from cold
HPRegen 1.19/turn    (no ring)
MPRegen 0.11/turn

%: no teleportation
@: corroded, very slightly contaminated
A: large, unfitting armour, claws 3, regeneration 1, shaggy fur 1, tough skin 1
a: Renounce Religion, Evoke Invisibility, Berserk, Trog's Hand, Brothers in Arms


You were in the Dungeon.
You worshipped Trog.
Trog was extremely pleased with you.
You visited 1 branch You collected 196 gold pieces.
You spent 101 gold pieces at shops.

Inventory:

Missiles
 i - 6 curare-tipped darts
 j - 14 stones
Armour
 a - a +0 animal skin (worn)
 m - a +0 cloak (worn)
Jewellery
 h - the amulet of invisibility (around neck) {+Inv}
   (You found it in the Dungeon)

   [amulet of nothing]

   +Inv:      It lets you turn invisible.
 l - a ring of protection from cold (left claw)
Potions
 b - a potion of curing
 c - a potion of heal wounds
 d - a potion of haste
 e - 2 potions of magic
 f - a potion of berserk rage
 k - a potion of ambrosia {unknown}


   Skills:
 + Level 12.1 Fighting
 + Level 11.9 Dodging
 + Level 14.1 Unarmed Combat


You had 9 spell levels left.
You didn't know any spells.
Your spell library was empty.

Dungeon Overview and Level Annotations

Branches:
Dungeon (1/1)

Altars:
Cheibriados
Dithmenos
Elyvilon
Gozag
Hepliaklqana
Kikubaaqudgha
Makhleb
Nemelex Xobeh
Okawaru
Qazlal
Ru
Sif Muna
Trog
Uskayaw
Vehumet
Wu Jian
Xom
Yredelemnul
Zin
The Shining One
Jiyva
Lugonu

Shops:
D *?=[


Innate Abilities, Weirdness & Mutations

You are too large for most types of armour.
You have claws for hands.
Your natural rate of healing is unusually fast.
You are covered in fur. (AC +1)
You have tough skin. (AC +1)


Message History

The oklob plant shifter stares at something and mumbles some strange words.
The fungus is unaffected.
The demonic crawler hits you. The demonic crawler hits you!!
The demonic crawler barely misses you.
You scratch the oklob plant shifter. You claw the oklob plant shifter!
The oklob plant shifter is almost destroyed.
The oklob plant shifter spits acid at you.
The splash of acid hits you!! The demonic crawler misses you.
The demonic crawler hits you! The demonic crawler misses you.
You mangle the oklob plant shifter!!
You destroy the oklob plant shifter!
Trog accepts your kill.
Trog appreciates your killing of a magic user.
The demonic crawler hits you but does no damage.
The demonic crawler hits you! x2
* * * LOW HITPOINT WARNING * * *
Your Unarmed Combat skill increases to level 14!
Unknown command.
Unknown command.
Your troll goes berserk!
The demonic crawler misses you. The demonic crawler closely misses you.
The demonic crawler hits you.
* * * LOW HITPOINT WARNING * * *
Unknown command.
Unknown command.
You flicker back into view.
You see here a scroll labelled CEYW HAUSA.
You scratch the demonic crawler but do no damage.
Your troll bites the demonic crawler but does no damage.
Your troll barely misses the demonic crawler.
Your troll claws the demonic crawler!
The demonic crawler barely misses you. The demonic crawler hits you!
* * * LOW HITPOINT WARNING * * *
The demonic crawler hits you but does no damage.
Unknown command.
Your troll bites the demonic crawler!
Your troll barely misses the demonic crawler.
Your troll claws the demonic crawler.
The demonic crawler attacks as it pursues you!
The demonic crawler hits you!
You die...

########################
_._._.⌠.#..)...#....##∩#
._._._..'..#...#....'.[#
_._._...#..###'##...##∩#
._._._..#..##∩∩.'...####
_._._.⌠.#############
#############....T$###
..♣.###.'..'....@s!'.+
♣.)♣##:.#..#.P.....###
.♣..###)##+##......#
...♣'...# ########
#########


You could see a demonic crawler (ally target) and a friendly troll (summoned,
berserk).

Vanquished Creatures
  5 oklob plants (D)
  A queen bee (D)
  2 burning bushes (D)
  A wandering mushroom (D)
  3 scorpions (D)
  4 killer bees (D)
  4 oklob saplings (D)
  2 spriggans (D)
  A river rat (D)
  A rat (D)
24 creatures vanquished.

Vanquished Creatures (collateral kills)
  A spriggan druid (D)
  An oklob plant (D)
  A burning bush (D)
  A wandering mushroom (D)
  An oklob sapling (D)
5 creatures vanquished.

Vanquished Creatures (others)
  A wandering mushroom (D)
  A ballistomycete spore (D)
2 creatures vanquished.

Grand Total: 31 creatures vanquished

Notes
Turn   | Place    | Note
-------+----------+-------------------------------------------
     0 | D        | sircluck the Troll Berserker began the quest for the Orb.
     0 | D        | Reached XP level 1. HP: 22/22 MP: 0/0
    13 | D        | Reached XP level 2. HP: 22/31 MP: 1/1
    26 | D        | Noticed an oklob sapling
    46 | D        | Killed an oklob sapling
    46 | D        | Reached ** piety under Trog
    47 | D        | Reached skill level 4 in Unarmed Combat
    47 | D        | Reached XP level 3. HP: 39/39 MP: 2/2
    48 | D        | Noticed a scorpion
    48 | D        | Found the amulet of invisibility {+Inv}
    54 | D        | Killed a scorpion
    55 | D        | Reached skill level 5 in Unarmed Combat
    55 | D        | Reached XP level 4. HP: 45/49 MP: 3/3
   106 | D        | Reached skill level 5 in Fighting
   106 | D        | Reached skill level 5 in Dodging
   106 | D        | Reached skill level 6 in Unarmed Combat
   161 | D        | Found an opulent altar of Gozag.
   161 | D        | Found a hazy altar of Hepliaklqana.
   161 | D        | Found a burning altar of Makhleb.
   161 | D        | Found a sparkling altar of Nemelex Xobeh.
   161 | D        | Found a snail-covered altar of Cheibriados.
   161 | D        | Found a sacrificial altar of Ru.
   161 | D        | Found a shimmering blue altar of Sif Muna.
   161 | D        | Found a shimmering altar of Xom.
   161 | D        | Found a basalt altar of Yredelemnul.
   162 | D        | Found a viscous altar of Jiyva.
   162 | D        | Found a bloodstained altar of Trog.
   162 | D        | Found an ornate altar of the Wu Jian Council.
   163 | D        | Found an iron altar of Okawaru.
   163 | D        | Found a glowing silver altar of Zin.
   163 | D        | Found a shadowy altar of Dithmenos.
   164 | D        | Found an ancient bone altar of Kikubaaqudgha.
   164 | D        | Found a hide-covered altar of Uskayaw.
   165 | D        | Found a stormy altar of Qazlal.
   165 | D        | Found a glowing golden altar of the Shining One.
   165 | D        | Found a white marble altar of Elyvilon.
   166 | D        | Found a corrupted altar of Lugonu.
   166 | D        | Found a radiant altar of Vehumet.
   173 | D        | Reached XP level 5. HP: 41/59 MP: 4/4
   202 | D        | Reached *** piety under Trog
   203 | D        | Reached skill level 7 in Unarmed Combat
   223 | D        | Reached **** piety under Trog
   224 | D        | Reached skill level 8 in Unarmed Combat
   224 | D        | Reached XP level 6. HP: 68/68 MP: 5/5
   232 | D        | Found Exogelon's Magic Scroll Shop.
   232 | D        | Found Utain's Assorted Antiques.
   236 | D        | Bought a scroll labelled MEVIWAB VOODDY for 19 gold pieces
   238 | D        | Bought a scroll labelled BYUTIA AHASM for 19 gold pieces
   256 | D        | Noticed a burning bush
   256 | D        | Noticed a wandering mushroom
   257 | D        | Noticed a wandering mushroom
   310 | D        | Killed a wandering mushroom
   311 | D        | Reached skill level 9 in Unarmed Combat
   520 | D        | Killed a burning bush
   521 | D        | Reached XP level 7. HP: 66/81 MP: 6/6
   540 | D        | Found Naoddot's Armour Emporium.
   540 | D        | Found Fiaraoss's Jewellery Shoppe.
   548 | D        | Bought a +0 cloak for 63 gold pieces
   594 | D        | Noticed a queen bee
   600 | D        | Reached ***** piety under Trog
   601 | D        | Reached skill level 10 in Unarmed Combat
   619 | D        | Killed a queen bee
   623 | D        | Reached XP level 8. HP: 92/92 MP: 7/7
   779 | D        | Noticed an oklob plant
   783 | D        | Killed an oklob plant
   784 | D        | Reached skill level 11 in Unarmed Combat
   905 | D        | Noticed a burning bush
   913 | D        | Killed a burning bush
   914 | D        | Reached skill level 10 in Fighting
   914 | D        | Reached skill level 10 in Dodging
   929 | D        | Noticed a burning bush
   929 | D        | Noticed an oklob plant
   935 | D        | Killed a burning bush
   936 | D        | Reached skill level 12 in Unarmed Combat
   939 | D        | Noticed a wandering mushroom
   940 | D        | Killed an oklob plant
   941 | D        | Reached XP level 9. HP: 102/102 MP: 8/8
   942 | D        | Killed a wandering mushroom
   961 | D        | Noticed a spriggan druid
   964 | D        | Killed a spriggan druid
   965 | D        | Reached skill level 13 in Unarmed Combat
  1095 | D        | Noticed an oklob plant conjurer
  1199 | D        | Killed an oklob plant conjurer
  1199 | D        | Received a gift from Trog
  1210 | D        | Noticed an oklob plant
  1210 | D        | Noticed an oklob plant summoner
  1232 | D        | Noticed an oklob plant shifter
  1238 | D        | Killed an oklob plant
  1261 | D        | Killed an oklob plant summoner
  1261 | D        | Reached ****** piety under Trog
  1262 | D        | Reached XP level 10. HP: 74/115 MP: 9/9
  1271 | D        | HP: 3/115 [oklob plant shifter/splash of acid (15)]
  1383 | D        | Noticed a demonic crawler
  1385 | D        | Killed an oklob plant shifter
  1386 | D        | Reached skill level 14 in Unarmed Combat
  1389 | D        | Slain by a demonic crawler

Illustrated notes

Levels and vault maps discovered:
D:        dungeon_sprint_fedhas [sprint_temple]

Skill      XL: |  1  2  3  4  5  6  7  8  9 10 |
---------------+-------------------------------+-----
Fighting       | 3 4 5 6 8 9 10 12 | 12.1
Dodging        | 3 4 5 6 8 10 11 | 11.9
Unarmed Combat | 4 5 6 8 9 10 12 13 14 | 14.1

Action                     |  1- 3 |  4- 6 |  7- 9 | 10-12 || total
---------------------------+-------+-------+-------+-------++-------
  Melee: Unarmed           |    15 |    34 |    44 |     4 ||    97
         Punch             |     2 |     2 |     6 |     2 ||    12
 Invoke: Berserk           |       |     1 |     1 |       ||     2
         Brothers in Arms  |       |       |     1 |     1 ||     2
Ability: Evoke Invisibilit |       |     1 |     1 |     1 ||     3
    Use: Scroll            |       |     2 |     2 |     1 ||     5
   Stab: Invisible         |       |     1 |       |       ||     1
 Armour: Animal skin       |    11 |    24 |    20 |    16 ||    71
  Dodge: Dodged            |     8 |    10 |    24 |     6 ||    48

Table legend: (Time is in decaauts)
 A = Elapsed time spent in this place.
 B = Non-inter-level travel time spent in this place.
 C = Inter-level travel time spent in this place.
 D = Time resting spent in this place.
 E = Time spent auto-exploring this place.
 F = Levels seen in this place.
 G = Mean time per level.
                   A        B        C        D        E       F      G
               +--------+--------+--------+--------+--------+-----+--------+
         Total |   1388 |   1355 |     33 |    861 |     71 |   1 | 1388.0 |
       Dungeon |   1388 |   1355 |     33 |    861 |     71 |   1 | 1388.0 |
               +--------+--------+--------+--------+--------+-----+--------+

Top non-repeatable levels by time:
       D: 1388 daAuts
